Map: Dusty Gorge

Players

Leon

  • Race: Terran Terran
  • Spawn Location: 11:00

Folly

  • Race: Zerg Zerg
  • Spawn Location: 9:00

OpuS - Winner!

  • Race: Protoss Protoss
  • League: Platinum
  • Spawn Location: 3:00

Sketchaphone - Winner!

  • Race: Zerg Zerg
  • League: Platinum
  • Spawn Location: 5:00

VOD

Have the link to the VOD?

Description

Time

  • Played on: Feb. 7, 2019, 8:19 p.m.
  • Length: 9:15
Show
View Real Time Build Order
Export as new Build Order

Leon Terran 

Build Orders: Gas First Reaper Expand 

Get SALT Encoding   

  12  0:01  SCV  
  13  0:14  SCV  
  13  0:18  Supply Depot  
  14  0:26  SCV  
  15  0:29  Refinery  
  15  0:40  SCV  
  16  0:46  Barracks  
  16  0:52  SCV  
  17  1:06  SCV  
  18  1:18  SCV  
  19  1:33  Orbital Command  
  19  1:34  Reaper  
  20  1:50  Command Center  
  20  2:02  SCV  
  20  2:07  Factory  
  21  2:17  SCV  
  21  2:20  Refinery  
  20  2:39  Barracks Reactor  
  20  2:43  SCV  
  21  2:47  Supply Depot  
  21  2:55  SCV  
  22  3:07  SCV  
  23  3:19  SCV  
  24  3:26  Barracks Tech Lab  
  24  3:36  SCV  
  24  3:39  Orbital Command  
  27  3:41  Hellion x2  
  29  3:49  Factory  
  29  3:51  SCV  
  29  3:53  Barracks Tech Lab  
  32  4:03  Hellion x2  
  34  4:15  SCV x2  
  36  4:20  Refinery  
  40  4:24  Hellion x2  
  40  4:27  SCV  
  33  5:00  Marine  
  31  5:07  Engineering Bay  
  31  5:09  Supply Depot  
  31  5:10  Supply Depot  
  31  5:13  Cyclone  
  28  5:15  Hellion x2  
  30  5:22  SCV x2  
  32  5:34  SCV x2  
  34  5:35  Missile Turret  
  34  5:40  Missile Turret  
  34  5:46  SCV x2  
  34  5:49  Factory  
  36  5:53  Hellion  
  36  5:56  Cyclone  
  41  5:58  SCV  
  41  5:59  SCV  
  41  6:01  Hellion  
  38  6:19  SCV x2  
  40  6:27  Hellion  
  40  6:28  Hellion, Cyclone  
  40  6:29  Barracks Tech Lab  
  40  6:31  SCV x2  
  42  6:49  Hellion x2  
  45  7:00  Cyclone  
  48  7:01  SCV x2  
  50  7:10  Hellion x2  
  50  7:13  SCV  
  44  7:32  Hellion x2, Cyclone  
  43  7:53  Hellion x2  
  33  8:04  Cyclone  
  34  8:15  Cyclone  
  34  8:16  Hellion x2  
  32  9:00  Factory Tech Lab  
Show
View Real Time Build Order
Export as new Build Order

Folly Zerg 

Build Orders: Pool First 

Get SALT Encoding   

  12  0:02  Drone  
  13  0:10  Drone  
  14  0:22  Overlord  
  14  0:41  Drone x3  
  17  0:55  Drone  
  18  0:59  Spawning Pool  
  18  1:04  Drone, Extractor  
  17  1:17  Drone  
  18  1:29  Overlord  
  18  1:47  Queen, Hatchery  
  18  1:53  Drone x2  
  21  2:19  Metabolic Boost  
  21  2:33  Drone  
  21  2:34  Roach Warren, Drone  
  21  2:37  Zergling x2  
  23  2:59  Queen  
  23  3:01  Drone  
  26  3:07  Overlord x2  
  26  3:09  Zergling x6  
  29  3:24  Lair  
  29  3:25  Zergling x2  
  29  3:26  Zergling x4  
  32  3:37  Drone  
  33  3:44  Baneling Nest  
  33  3:45  Zergling x8  
  33  3:46  Zergling x2  
  37  4:01  Zergling x2  
  37  4:02  Zergling x2  
  39  4:19  Zergling x2  
  39  4:20  Zergling x6  
  36  4:44  Zergling x6  
  36  4:45  Zergling x6  
  41  4:57  Zergling x4  
  42  5:00  Spore Crawler  
  42  5:02  Spore Crawler  
  42  5:03  Queen  
  33  5:29  Queen  
  33  5:35  Hydralisk Den  
  28  5:46  Drone x5  
  28  5:47  Drone x4  
  37  5:54  Zergling x4  
  37  5:55  Zergling x2  
  37  5:56  Zergling x4  
  42  6:07  Zergling x4  
  44  6:13  Overlord  
  44  6:16  Overlord  
  37  6:37  Hydralisk x2  
  37  6:38  Hydralisk x2  
  2  8:50  Drone  
Show
View Real Time Build Order
Export as new Build Order

OpuS Protoss - Winner!

Build Orders: Oracle Opening 

Get SALT Encoding   

  12  0:01  Probe  
  13  0:13  Probe  
  14  0:20  Pylon  
  14  0:25  Probe  
  15  0:35  Probe  
  16  0:43  Probe  
  16  0:45  Gateway  
  17  0:53  Probe  
  18  0:58  Assimilator  
  18  1:05  Probe  
  19  1:13  Gateway  
  19  1:23  Probe  
  20  1:28  Pylon  
  20  1:33  Cybernetics Core  
  20  1:36  Zealot  
  22  1:48  Probe  
  23  2:00  Zealot  
  25  2:03  Probe  
  25  2:06  Assimilator  
  26  2:11  Probe  
  27  2:23  Stargate  
  27  2:26  Gateway  
  27  2:27  Probe  
  26  2:31  Pylon  
  27  2:38  Stalker  
  29  2:54  Stalker  
  31  2:59  Pylon  
  30  3:13  Oracle  
  33  3:22  Warp Gate  
  33  3:35  Zealot x3  
  33  3:41  Pylon  
  39  3:52  Void Ray  
  43  4:19  Nexus  
  43  4:29  Twilight Council  
  43  4:48  Void Ray  
  26  6:10  Probe x2  
  22  7:03  Probe x2  
  20  7:29  Probe x2  
  20  7:50  Probe  
  20  7:51  Probe  
  22  8:14  Probe x2  
  22  8:26  Probe x2  
  24  8:38  Probe x2  
  24  8:50  Probe x2  
  25  9:02  Probe  
  25  9:03  Probe  
Show
View Real Time Build Order
Export as new Build Order

Sketchaphone Zerg - Winner!

Build Orders: Hatch First 

Get SALT Encoding   

  12  0:01  Drone  
  13  0:13  Overlord  
  13  0:18  Drone  
  14  0:23  Extractor  
  14  0:24  Drone  
  15  0:31  Drone  
  16  0:36  Drone  
  17  0:55  Hatchery  
  16  1:05  Drone  
  16  1:07  Drone  
  16  1:10  Extractor  
  17  1:28  Spawning Pool  
  17  1:30  Overlord, Drone  
  18  1:54  Drone  
  18  1:55  Drone  
  19  2:07  Drone  
  20  2:20  Drone  
  20  2:22  Metabolic Boost  
  21  2:23  Queen x2  
  21  2:26  Drone  
  26  2:36  Drone  
  27  2:44  Drone  
  27  2:56  Evolution Chamber  
  26  2:59  Queen  
  26  3:02  Drone x2  
  30  3:09  Drone  
  30  3:12  Drone  
  32  3:13  Drone x2  
  33  3:28  Drone x2  
  34  3:39  Drone x2  
  34  3:41  Zerg Melee Weapons Level 1  
  36  3:47  Overlord x2  
  36  3:54  Overlord  
  36  4:03  Baneling Nest  
  36  4:05  Overlord  
  36  4:09  Zergling x12  
  41  4:17  Spine Crawler  
  40  4:19  Spine Crawler  
  40  4:20  Zergling x8  
  40  4:21  Zergling x2  
  42  4:35  Zergling x4  
  38  4:46  Queen x2  
  38  4:48  Zergling x2, Drone  
  38  4:49  Zergling x6  
  47  5:05  Zergling x8  
  48  5:19  Zergling x2  
  48  5:20  Zergling x4  
  51  5:23  Zergling x8  
  51  5:26  Baneling x2  
  55  5:32  Zergling x4  
  55  5:35  Zerg Ground Armor Level 1  
  56  5:50  Overlord  
  56  5:51  Overlord, Drone  
  57  5:59  Overlord  
  56  6:10  Zergling x10  
  56  6:11  Zergling x6  
  64  6:13  Hatchery  
  51  6:48  Zergling x4  
  51  6:49  Zergling x8  
  55  7:00  Evolution Chamber, Drone x2  
  50  7:25  Zergling x8  
  50  7:29  Zergling x12  
  60  7:36  Queen  
  62  7:38  Zergling x8  
  65  7:45  Zergling x4  
  66  7:52  Zergling x2  
  66  7:55  Lair  
  66  7:59  Drone x3  
  66  8:19  Zergling x12  
  72  8:23  Zergling x2  
  72  8:24  Zergling x2  
  70  8:30  Zergling x8  
  70  8:41  Drone x5  
  70  8:42  Extractor  
  70  8:43  Extractor  
  70  8:46  Extractor  
  72  8:52  Evolution Chamber  
  71  9:01  Drone  
Tags
 
Add a new tag
Caveats
  • Supply blocks, unpowered buildings, or Contaminate may cause inaccurate times.
  • Supply counts are checked every 10 seconds.